 Dungeon Crawl Stone Soup version 0.25-a0-566-g062765be81 (webtiles) character file.

Game seed: 8626246329576844715, levelgen mode: deterministic

219 Flugslaktarn the Chopper (level 5, -6/49 HPs)
             Began as a Deep Dwarf Fighter on Feb 27, 2020.
             Mangled by Duvessa
             ... wielding a +0 short sword
              (9 damage)
             ... on level 4 of the Dungeon.
             The game lasted 00:00:28 (576 turns).

Flugslaktarn the Chopper (Deep Dwarf Fighter)        Turns: 576, Time: 00:00:28

Health: -6/49      AC:  7    Str: 20    XL:     5   Next: 64%
Magic:  4/4        EV:  7    Int:  9    God:
Gold:   58         SH:  9    Dex: 12    Spells: 4/4 levels left

rFire    . . .     SeeInvis .   a - +0 war axe
rCold    . . .     Gourm    .   c - +0 kite shield
rNeg     . . .     Faith    .   b - +0 scale mail
rPois    .         Spirit   .   (no helmet)
rElec    .         Reflect  .   (no cloak)
rCorr    .         Harm     .   (no gloves)
MR       .....                  (no boots)
Stlth    ..........             (no amulet)
HPRegen  0.00/turn              (no ring)
MPRegen  0.09/turn              (no ring)

@: non-regenerating
A: damage resistance, heal wounds, sense surroundings 1, no regeneration
a: Heal Wounds


You were on level 4 of the Dungeon.
You were not hungry.

You visited 1 branch of the dungeon, and saw 4 of its levels.

You collected 58 gold pieces.

Inventory:

Hand Weapons
 a - a +0 war axe (weapon)
Armour
 b - a +0 scale mail (worn)
 c - a +0 kite shield (worn)
Jewellery
 g - an uncursed ring of magical power {unknown}
   (You found it on level 1 of the Dungeon)
 i - an uncursed ring of magical power {unknown}
   (You found it on level 1 of the Dungeon)
 k - the amulet "Liell" {Spirit MR+, unknown}
   (You found it on level 4 of the Dungeon)

   [amulet of guardian spirit]

   It causes incoming damage to be split between your health and magic.
   It affects your resistance to hostile enchantments.
Scrolls
 j - a scroll of identify {unknown}
Potions
 d - a potion of might
 f - a potion of degeneration {unknown}
 h - a potion of invisibility {unknown}
Comestibles
 e - 2 rations
 l - 6 chunks of flesh


   Skills:
 + Level 3.5 Fighting
 * Level 4.4 Axes
 + Level 4.2 Armour
 + Level 4.3 Shields


You had 4 spell levels left.
You didn't know any spells.
Your spell library was empty.

Dungeon Overview and Level Annotations

Branches:
Dungeon (4/15)
 Temple: D:4-7

Altars:
Gozag

Annotations:
D:4 Duvessa


Innate Abilities, Weirdness & Mutations

You are resistant to damage.
You can heal yourself by infusing magical energy.
You passively map a small area around you.
You do not regenerate.


Message History

Duvessa is severely wounded.
You slash the jackal!
You kill the jackal!
You block Duvessa's attack. Duvessa hits you with a +0 short sword!
You slash Duvessa!
Duvessa is almost dead.
You slash the jackal!
You kill the jackal!
Duvessa hits you with a +0 short sword!
* * * LOW HITPOINT WARNING * * *
Duvessa hits you with a +0 short sword!
* * * LOW HITPOINT WARNING * * *
You are too injured to fight recklessly!
You are too injured to fight recklessly!
You are too injured to fight recklessly!
You fail to use your ability.
Duvessa hits you with a +0 short sword.
* * * LOW HITPOINT WARNING * * *
The jackal bites you but does no damage. x2
Duvessa hits you with a +0 short sword!
You die...

* ..#** ..##### .. ..#..#
,, #.#* #.#..# # #..
##....# # , * *#.###.....#
### # * , #.........###
#.# . ##....###....# #.#
....#.....# ##...## #.# ,
.......h@.####....###.##
,......)e........÷...÷..##
,
.........##......#####...
........###.##...# #...
........##.####..# ##.#
.##........ #..# #.# ,
#...###. #..# ### ...# ,
#..# ** ,, , #..#


You could see Duvessa (berserk) and a jackal.

Vanquished Creatures
  A phantom (D:4)
  Dowan (D:4)
  2 hounds
  A leopard gecko (D:4)
  3 orcs
  3 bats
  A giant cockroach (D:4)
  A goblin (D:2)
  2 hobgoblins
  5 jackals
  2 frilled lizards (D:1)
  A kobold (D:3)
  3 rats
26 creatures vanquished.

Notes
Turn   | Place    | Note
-------+----------+-------------------------------------------
     0 | D:1      | Flugslaktarn the Deep Dwarf Fighter began the quest for the
                  | Orb.
     0 | D:1      | Reached XP level 1. HP: 20/20 MP: 1/1
   165 | D:2      | Reached XP level 2. HP: 24/27 MP: 2/2
   177 | D:3      | Reached XP level 3. HP: 30/34 MP: 3/3
   256 | D:4      | Got a smoking ruby amulet
   312 | D:4      | Found an opulent altar of Gozag.
   368 | D:4      | Noticed a phantom
   440 | D:4      | Killed a phantom
   440 | D:4      | Reached XP level 4. HP: 42/42 MP: 4/4
   537 | D:4      | Reached XP level 5. HP: 47/49 MP: 5/5
   555 | D:4      | Noticed Dowan
   557 | D:4      | Noticed Duvessa
   564 | D:4      | Killed Dowan
   576 | D:4      | Mangled by Duvessa

Levels and vault maps discovered:
D:1:      evilmike_arrival_rings, layout_rooms, chequers_big_river
D:2:      layout_basic, nicolae_overflow_crystal_walls
D:3:      layout_rooms, elyvilon_altar_1, minmay_bisected, uniq_ijyb
D:4:      layout_layer_cave, nicolae_gozag_cash_rules_everything_around_me,
          first_ration, st_stairs_5, minmay_joined_circles, uniq_duvessa

Skill      XL: |  1  2  3 |
---------------+----------+-----
Fighting       | 3 |  3.5
Axes           | 3 4 |  4.4
Armour         | 4 |  4.2
Shields        | 4 |  4.3

Action                   |  1- 3 |  4- 6 || total
-------------------------+-------+-------++-------
Melee: War axe           |    63 |    26 ||    89
 Abil: Heal Wounds       |     1 |     1 ||     2
Armor: Scale mail        |    36 |    14 ||    50
Dodge: Dodged            |    20 |    10 ||    30
Block: Kite shield       |    45 |    13 ||    58

Table legend:
 A = Non-vault XP
 B = Vault XP
 C = Vault XP percentage of total XP
 D = Non-vault monster count
 E = Vault monster count
 F = Vault count percentage of total count
                 A         B        C        D         E       F
            +---------+---------+-------+---------+---------+-------
      Total |     241 |      73 |  23.2 |      23 |       3 |  11.5
            +---------+---------+-------+---------+---------+-------
        D:1 |       8 |       0 |   0.0 |       6 |       0 |   0.0
        D:2 |       4 |       0 |   0.0 |       2 |       0 |   0.0
        D:3 |      51 |       4 |   7.3 |       6 |       2 |  25.0
        D:4 |     178 |      69 |  27.9 |       9 |       1 |  10.0
            +---------+---------+-------+---------+---------+-------
